 Dungeon Sprint DCSS version 0.27-a0-334-g52645efa06 (webtiles) character file.

Game seed: 17308001047968133503

45 sahdkjhfkaj the Insei (level 3, 0/19 HPs)
             Began as a Vine Stalker Monk on Feb 13, 2021.
             Slain by a quasit (2 damage)
             ... in the Dungeon (Sprint IX: "|||||||||||||||||||||||||||||").
             The game lasted 00:00:17 (190 turns).

sahdkjhfkaj the Insei (Vine Stalker Monk)            Turns: 190, Time: 00:00:17

Health: 0/19       AC:  2    Str: 14      XL:     3   Next: 64%
Magic:  0/4        EV: 13    Int: 10      God:
Gold:   0          SH:  0    Dex: 14 (16) Spells: 2/2 levels left

rFire    . . .     SeeInvis .     - Unarmed
rCold    . . .     Faith    .   (no shield)
rNeg     . . .     Spirit   +   a - +0 robe
rPois    .         Reflect  .   (no helmet)
rElec    .         Harm     .   (no cloak)
rCorr    .         Rampage  .   (no gloves)
Will     .....     NoTele   +   (no boots)
Stlth    ++........             (no amulet)
HPRegen  0.06/turn              (no ring)
MPRegen  0.09/turn              (no ring)

@: hasted, very quick
A: fangs 2, magic shield, antimagic bite, no potion heal 3
a: no special abilities


You were in the Dungeon.
You visited 1 branch

Inventory:

Armour
 a - a +0 robe (worn)
Scrolls
 f - a scroll of blinking {@r4}
Potions
 b - a potion of curing {@q1}
 d - 2 potions of magic
 e - a potion of berserk rage


   Skills:
 - Level 2.6 Fighting
 - Level 2.4 Dodging
 - Level 2.4 Stealth
 + Level 7.5 Unarmed Combat


You had 2 spell levels left.
You didn't know any spells.
Your spell library was empty.

Dungeon Overview and Level Annotations

Branches:
Dungeon (1/1)

Altars:


Innate Abilities, Weirdness & Mutations

You have extremely sharp teeth.
When hurt, damage is shared between your health and your magic reserves.
Your bite disrupts and absorbs the magic of your enemies.
Potions cannot restore your health.


Message History

The jackal is heavily wounded.
The jackal barely misses you.
You closely miss the jackal.
The jackal is heavily wounded.
The jackal bites you.
You completely miss the jackal. You bite the jackal.
You kill the jackal!
The quasit barely misses you. The quasit claws you.
* * * LOW HITPOINT WARNING * * *
You feel clumsy.
The quasit claws you but does no damage.
There is an open door, spattered with blood here.
Things that are here:
a jackal corpse; a howler monkey corpse Unknown command.
You barely miss the quasit. Your bite misses the quasit.
The quasit closely misses you.
The quasit claws you but does no damage.
The quasit closely misses you.
Unknown command.
You miss the quasit. The quasit completely misses you. The quasit claws you.
* * * LOW HITPOINT WARNING * * *
The quasit claws you.
* * * LOW HITPOINT WARNING * * *
You feel clumsy.
Unknown command.
You hit the quasit.
The quasit is lightly wounded.
Unknown command.
You closely miss the quasit. Your bite misses the quasit.
The quasit is lightly wounded.
The quasit barely misses you. x2
The quasit claws you but does no damage.
You miss the quasit. Your bite misses the quasit.
The quasit is lightly wounded.
The quasit closely misses you. x2; The quasit barely misses you.
You barely miss the quasit.
The quasit is lightly wounded.
The quasit bites you.
You die... ▓▓▓▓▓▓▓▓▓▓▓▓▓▓▓▓▓▓ +..5o5@..(..)...<▓ ▓▓▓▓▓▓▓▓▓▓▓▓▓▓▓▓▓▓

You could see a quasit, an orc and an ufetubus.

Vanquished Creatures
  A howler monkey (D)
  2 bats (D)
  A hobgoblin (D)
  A jackal (D)
  A kobold (D)
  A frilled lizard (D)
7 creatures vanquished.

Notes
Turn   | Place    | Note
-------+----------+-------------------------------------------
     0 | D        | sahdkjhfkaj the Vine Stalker Monk began the quest for the
                  | Orb.
     0 | D        | Reached XP level 1. HP: 11/11 MP: 2/2
    12 | D        | Reached skill level 4 in Unarmed Combat
   171 | D        | Noticed a quasit
   171 | D        | Noticed a howler monkey
   179 | D        | Killed a howler monkey
   180 | D        | Reached skill level 7 in Unarmed Combat
   180 | D        | Reached XP level 2. HP: 6/16 MP: 0/3
   180 | D        | Reached XP level 3. HP: 7/19 MP: 0/4
   190 | D        | Slain by a quasit

Illustrated notes

Levels and vault maps discovered:
D:        linesprint [early_d, line_temple, items_1, d_10, items_2, lair_1,
          lair_end, items_3, orc_1, orc_end, items_4, d_15, swamp_1, shoals_1,
          snake_1, spider_1, d_20, vaults_1, items_5, swamp_end, shoals_end,
          snake_end, spider_end, vaults_end, d_27, items_6, zot_1, zot_end,
          crypt_end, forest_end, elf_end, slime_end, tomb_end, abyss_end,
          pan_hell_end]

Skill      XL: |  1 |
---------------+----+-----
Unarmed Combat | 7 |  7.5
Fighting       | |  2.6
Dodging        | |  2.4
Stealth        | |  2.4

Action                   || total
-------------------------++-------
Melee: Unarmed           ||    27
       Bite              ||     7
  Use: Potion            ||     1
Armor: Robe              ||     5
Dodge: Dodged            ||    17

Table legend: (Time is in decaauts)
 A = Elapsed time spent in this place.
 B = Non-inter-level travel time spent in this place.
 C = Inter-level travel time spent in this place.
 D = Time resting spent in this place.
 E = Time spent auto-exploring this place.
 F = Levels seen in this place.
 G = Mean time per level.
                   A        B        C        D        E       F      G
               +--------+--------+--------+--------+--------+-----+--------+
         Total |    182 |    182 |      0 |      0 |    156 |   1 |  182.0 |
       Dungeon |    182 |    182 |      0 |      0 |    156 |   1 |  182.0 |
               +--------+--------+--------+--------+--------+-----+--------+

Top non-repeatable levels by time:
       D: 182 daAuts
